[Event "Team 45 45 League T91"]
[Site "Internet Chess Club"]
[Date "2022.02.13"]
[Round "5"]
[White "primerpaso"]
[Black "fileman"]
[Result "1/2-1/2"]
[WhiteElo "1880"]
[BlackElo "1839"]
[Opening "English: closed system"]
[ECO "A25"]
[Time "15:14:17"]
[PlyCount "54"]
[TimeControl "2700+45"]

1. c4 Nc6 2. Nc3 e5 3. g3 g6 4. Bg2 Bg7 5. e3 d6 6. Nge2 Nge7 7. O-O O-O 8. b3
f5 9. Bb2 Be6 10. Nd5 Bf7 11. d3 Nxd5 12. cxd5 Ne7 13. e4 c5 14. f4 exf4 15.
Bxg7 Kxg7 16. gxf4 Qb6 17. Kh1 h6 18. Qd2 Rad8 19. Ng3 Bg8 20. Rae1 Qb4 21. Qb2+
Kh7 22. Bh3 Qd4 23. Qxd4 cxd4 24. Ne2 Rc8 25. Nxd4 Rc3 26. Rf3 fxe4 27. Rxe4
Nxd5 {Game drawn by mutual agreement} 1/2-1/2

[Event "Team 45 45 League T91"]
[Site "Internet Chess Club"]
[Date "2022.02.10"]
[Round "5"]
[White "QuieroAprender"]
[Black "Rookmaster"]
[Result "1-0"]
[WhiteElo "1600"]
[BlackElo "1485"]
[Opening "King's pawn opening"]
[ECO "B07"]
[Time "22:00:38"]
[PlyCount "123"]
[TimeControl "2700+45"]

1. e4 d6 2. Bc4 Nf6 3. d3 e5 4. c3 Nbd7 5. Nd2 c6 6. Bb3 Be7 7. Nf1 Qc7 8. Nf3
h6 9. Ne3 Nb6 10. Qe2 Be6 11. h3 O-O-O 12. Bc2 d5 13. exd5 Nbxd5 14. Nxd5 Bxd5
15. Nxe5 Bd6 16. Nf3 Rhe8 17. Be3 Nh5 18. O-O-O Rxe3 19. fxe3 Ng3 20. Qd2 Nxh1
21. Rxh1 Re8 22. Kb1 Bg3 23. e4 Be6 24. Rf1 Rd8 25. Nd4 Bxa2+ 26. Kc1 Be6 27.
Nxe6 fxe6 28. Qe3 g5 29. Qxa7 b6 30. Qa8+ Kd7 31. Rf7+ Ke8 32. Rxc7 Rxa8 33.
Rxc6 Kd7 34. Rxb6 Rf8 35. Bd1 Rf1 36. Kc2 Rf2+ 37. Kb3 Rxg2 38. Bg4 Bf4 39.
Bxe6+ Ke7 40. Kc4 h5 41. Kd5 Bc1 42. b3 Rd2 43. Rb7+ Kf6 44. Rf7+ Kg6 45. Rf3
Bb2 46. c4 Rg2 47. c5 g4 48. hxg4 hxg4 49. Rf1 g3 50. c6 Rd2 51. Bf5+ Kg5 52. c7
Rxd3+ 53. Ke6 Rc3 54. Kd7 Rd3+ 55. Ke8 g2 56. Rg1 Rg3 57. c8=Q Kf4 58. Qc2 Rg8+
59. Kf7 Rg7+ 60. Ke6 Bd4 61. Rxg2 Rxg2 62. Qxg2 {Black resigns} 1-0

[Event "Team 45 45 League T91"]
[Site "Internet Chess Club"]
[Date "2022.02.12"]
[Round "5"]
[White "ChessG2011"]
[Black "julesraider"]
[Result "0-1"]
[WhiteElo "1438"]
[BlackElo "1530"]
[Opening "Sicilian: dragon, classical, Richter variation"]
[ECO "B73"]
[Time "21:30:32"]
[PlyCount "54"]
[TimeControl "2700+45"]

1. e4 c5 2. Nf3 d6 3. d4 cxd4 4. Nxd4 Nf6 5. Nc3 Nc6 6. Be2 g6 7. Be3 Bg7 8. O-O
O-O 9. Qd2 Ng4 10. Bxg4 Bxg4 11. f3 Bd7 12. Rfd1 a6 13. a3 Rc8 14. Re1 Ne5 15.
Rab1 Nc4 16. Qd3 Nxe3 17. Qxe3 Rc4 18. Nde2 Be6 19. Nf4 Bd4 20. Nxe6 Bxe3+ 21.
Rxe3 fxe6 22. Rd1 Qb6 23. Kf2 Qxb2 24. Rdd3 Rfc8 25. Nd1 Rxc2+ 26. Kg3 Rxg2+ 27.
Kf4 Qe5# {White checkmated} 0-1

[Event "Team 45 45 League T91"]
[Site "Internet Chess Club"]
[Date "2022.02.13"]
[Round "5"]
[White "CPTsopiens"]
[Black "DeepPoo"]
[Result "1-0"]
[WhiteElo "1810"]
[BlackElo "1625"]
[Opening "French: advance, Euwe variation"]
[ECO "C02"]
[Time "15:00:59"]
[PlyCount "59"]
[TimeControl "2700+45"]

1. e4 e6 2. d4 d5 3. e5 c5 4. c3 Nc6 5. Nf3 Bd7 6. Be2 Nge7 7. Na3 cxd4 8. cxd4
Nf5 9. Nc2 Qb6 10. g4 Nfe7 11. b3 Na5 12. Ba3 Bb5 13. Bc5 Qc6 14. Rc1 Bxe2 15.
Qxe2 Qd7 16. Nb4 g6 17. O-O Bg7 18. Bd6 Nac6 19. Rc2 O-O 20. Nxc6 bxc6 21. Rfc1
f6 22. Bxe7 Qxe7 23. Rxc6 fxe5 24. Rc7 Qb4 25. Rxg7+ Kxg7 26. Qxe5+ Kg8 27.
Qxe6+ Kh8 28. Qe5+ Kg8 29. Rc7 Rf7 30. Rxf7 {Black resigns} 1-0

[Event "Team 45 45 League T91"]
[Site "Internet Chess Club"]
[Date "2022.02.09"]
[Round "5"]
[White "filmdirector"]
[Black "Demachaeron"]
[Result "1-0"]
[WhiteElo "1445"]
[BlackElo "1657"]
[Opening "Scandinavian (center counter) defense"]
[ECO "B01"]
[Time "21:09:50"]
[PlyCount "153"]
[TimeControl "2700+45"]

1. e4 d5 2. exd5 Qxd5 3. d4 Nf6 4. Nc3 Qd8 5. Nf3 Bg4 6. Be2 e6 7. O-O c6 8. h3
Bh5 9. Ne5 Bxe2 10. Qxe2 Qxd4 11. Rd1 Qb6 12. Be3 Bc5 13. Nc4 Bxe3 14. Nxb6 Bxb6
15. Ne4 Nxe4 16. Qxe4 Nd7 17. Rd3 Nc5 18. Qg4 O-O 19. Rg3 g6 20. b4 Nd7 21. Qg5
Bd8 22. Qd2 Nf6 23. Rf3 Be7 24. Qc3 Nd5 25. Qb3 b5 26. a3 Nb6 27. Re1 Nc4 28.
Rd3 Bf6 29. Rd7 a5 30. Qf3 Ne5 31. Rxe5 Bxe5 32. Qxc6 axb4 33. Qxb5 Bc3 34. a4
Rfb8 35. Qc6 Rc8 36. Qb5 Rcb8 37. Ra7 Rd8 38. Rxa8 Rxa8 39. a5 b3 40. cxb3 Rxa5
41. Qc4 Be5 42. g3 Rd5 43. b4 Bd6 44. b5 Bc5 45. Kg2 Kf8 46. Qf4 Bd6 47. Qh6+
Kg8 48. b6 Rb5 49. Qh4 g5 50. Qa4 Rxb6 51. h4 Rb4 52. Qe8+ Bf8 53. hxg5 Kg7 54.
Kh3 Rd4 55. f4 Rd5 56. Kg4 Rf5 57. Kf3 Bd6 58. Qa4 Kg6 59. Qe4 Kg7 60. Qc6 Be7
61. Qc3+ Kg6 62. g4 Rd5 63. Qh8 Rd8 64. Qc3 Rd5 65. Qh8 Rd8 66. Qe5 Rd5 67. f5+
exf5 68. Qxd5 fxg4+ 69. Kxg4 h5+ 70. Kh4 f6 71. Qe4+ Kf7 72. g6+ Kg7 73. Kxh5
Bd6 74. Qe6 Be5 75. Qf7+ Kh8 76. g7+ Kh7 77. g8=Q# {Black checkmated} 1-0

[Event "Team 45 45 League T91"]
[Site "Internet Chess Club"]
[Date "2022.02.10"]
[Round "5"]
[White "fvafier"]
[Black "Signofthetimes"]
[Result "1/2-1/2"]
[WhiteElo "1538"]
[BlackElo "1529"]
[Opening "Réti opening"]
[ECO "A04"]
[Time "08:31:35"]
[PlyCount "96"]
[TimeControl "2700+45"]

1. Nf3 c6 2. g3 d5 3. d3 Nf6 4. Bg2 Bf5 5. O-O e6 6. b3 Nbd7 7. Bb2 Qc7 8. Nbd2
Be7 9. Qe1 h6 10. e4 dxe4 11. dxe4 Bg6 12. Nh4 Bh7 13. f4 g5 14. fxg5 hxg5 15.
Nhf3 g4 16. Nh4 O-O-O 17. Kh1 Bg6 18. Nxg6 fxg6 19. Qf2 Rh5 20. Bxf6 Bxf6 21.
Qf4 Qxf4 22. gxf4 Rdh8 23. e5 Rxh2+ 24. Kg1 Be7 25. Ne4 Kc7 26. Rad1 Bc5+ 27.
Nxc5 Nxc5 28. Rd6 R2h6 29. b4 Na4 30. Rxe6 Nc3 31. Re1 Nxa2 32. b5 Nb4 33. bxc6
Nxc6 34. Be4 Nd4 35. Re7+ Kd8 36. Rxb7 Nf3+ 37. Bxf3 gxf3 38. Kf2 Rh2+ 39. Kxf3
Rxc2 40. Rd1+ Kc8 41. Rxa7 Rh3+ 42. Ke4 Rb3 43. Rg7 Rb4+ 44. Kd3 Rcc4 45. Rh1
Rd4+ 46. Ke3 Re4+ 47. Kd3 Red4+ 48. Kc3 Rdc4+ {Game drawn by mutual agreement}
1/2-1/2

[Event "Team 45 45 League T91"]
[Site "Internet Chess Club"]
[Date "2022.02.13"]
[Round "5"]
[White "janh"]
[Black "HomerSimpson"]
[Result "0-1"]
[WhiteElo "1921"]
[BlackElo "2021"]
[Opening "Queen's pawn: London system"]
[ECO "A45"]
[Time "22:28:15"]
[PlyCount "64"]
[TimeControl "2700+45"]

1. d4 Nf6 2. Bf4 d5 3. e3 c5 4. c3 Qb6 5. Qb3 c4 6. Qc2 g6 7. Nd2 Bf5 8. Qc1 Nc6
9. Ngf3 Bg7 10. h3 O-O 11. Be2 Ne4 12. O-O f6 13. Bh2 e5 14. dxe5 fxe5 15. Nxe4
Bxe4 16. Nd2 Bd3 17. Re1 Bh6 18. Nf3 Rae8 19. b3 e4 20. Nd4 Bg7 21. Qa3 Rf6 22.
bxc4 dxc4 23. Bg4 Bf8 24. Qa4 Qb2 25. Bg3 Bd6 26. Bxd6 Qxf2+ 27. Kh2 Rxd6 28.
Nxc6 bxc6 29. Qxa7 h5 30. Qc7 Red8 31. Be6+ Kh8 32. Bf7 Qf6 {White resigns} 0-1

[Event "Team 45 45 League T91"]
[Site "Internet Chess Club"]
[Date "2022.02.11"]
[Round "5"]
[White "Portola"]
[Black "BuddyT"]
[Result "1-0"]
[WhiteElo "1732"]
[BlackElo "1547"]
[Opening "Colle system"]
[ECO "A46"]
[Time "12:03:51"]
[PlyCount "111"]
[TimeControl "2700+45"]

1. d4 Nf6 2. Nf3 e6 3. c3 c5 4. e3 d5 5. Bd3 Nc6 6. Nbd2 Bd6 7. Qe2 O-O 8. O-O
Qc7 9. Re1 Re8 10. b3 cxd4 11. cxd4 Nb4 12. Ba3 Qa5 13. Bxb4 Bxb4 14. Rec1 Bd7
15. a4 Rec8 16. Nf1 Rxc1 17. Rxc1 Rc8 18. Rxc8+ Bxc8 19. Qc2 Bd7 20. Ne5 Qd8 21.
Ng3 Qc8 22. Qd1 Qc3 23. Kf1 Be8 24. Ne2 Qd2 25. Qb1 Bd6 26. Nf3 Qa5 27. g3 Qc7
28. Kg2 h6 29. Nd2 Bb4 30. Nf3 a6 31. Ne5 b5 32. axb5 Bxb5 33. Bxb5 axb5 34. Qd3
Qb7 35. Qc2 Ne4 36. f3 Nd6 37. Nd3 Ba5 38. Nc5 Qe7 39. Qa2 Bd8 40. Nf4 g5 41.
Nh5 e5 42. Qd2 exd4 43. exd4 Nf5 44. Qd3 Nd6 45. Kf2 f5 46. h3 Ba5 47. Qe2 Qf7
48. g4 f4 49. Ne6 Bc3 50. Qe5 Qg6 51. Nf6+ Kf7 52. Nd8+ Kg7 53. Qe7+ Nf7 54.
Ne6+ Kh8 55. Qf8+ Qg8 56. Qxg8# {Black checkmated} 1-0

[Event "Team 45 45 League T91"]
[Site "Internet Chess Club"]
[Date "2022.02.09"]
[Round "5"]
[White "mongmong"]
[Black "VictorRed"]
[Result "0-1"]
[WhiteElo "1543"]
[BlackElo "1659"]
[Opening "Queen's pawn game"]
[ECO "D02"]
[Time "21:16:48"]
[PlyCount "148"]
[TimeControl "2700+45"]

1. d4 d5 2. Nf3 g6 3. Bf4 Bg7 4. e3 Nf6 5. Nbd2 Nc6 6. h3 O-O 7. c4 e6 8. Bd3
Nh5 9. Bh2 Re8 10. O-O e5 11. cxd5 Qxd5 12. Bc4 Qd8 13. Nxe5 Nxe5 14. Bxe5 Bxe5
15. dxe5 Rxe5 16. Nf3 Re8 17. Qxd8 Rxd8 18. Rfd1 Bd7 19. Ng5 Be8 20. Ne4 Kg7 21.
Kf1 h6 22. g4 Nf6 23. Nxf6 Kxf6 24. Ke2 Bc6 25. f4 Bg2 26. h4 Bh3 27. g5+ hxg5
28. hxg5+ Kg7 29. Ke1 Re8 30. Kf2 Re7 31. Re1 Rae8 32. Bd5 c6 33. Bf3 Bf5 34.
Rad1 Be6 35. a3 Bb3 36. Rd6 Re6 37. Rxe6 Rxe6 38. Re2 Rd6 39. Ke1 Rd1+ 40. Kf2
Kf8 41. Re1 Rd2+ 42. Re2 Rd6 43. Be4 Bd1 44. Re1 Rd2+ 45. Kg3 Bb3 46. f5 gxf5
47. Bxf5 Rxb2 48. e4 Bc4 49. Re3 Rb3 50. Kf4 Rxe3 51. Kxe3 Ke7 52. Kd4 Be6 53.
Bh7 b6 54. e5 a5 55. Bd3 Bd5 56. Bf5 Bf3 57. Ke3 Bh5 58. Kd4 Bg6 59. Bg4 Kd8 60.
e6 fxe6 61. Bxe6 Ke7 62. Ke5 b5 63. Bg4 b4 64. axb4 axb4 65. Kd4 Kd6 66. Bd1 c5+
67. Kc4 Bf7+ 68. Kd3 c4+ 69. Kd4 c3 70. Bc2 Bg8 71. Bb1 Bb3 72. Be4 c2 73. Bxc2
Bxc2 74. g6 Ke7 {White resigns} 0-1

[Event "Team 45 45 League T91"]
[Site "Internet Chess Club"]
[Date "2022.02.14"]
[Round "5"]
[White "cyborg86"]
[Black "Tufnell"]
[Result "1-0"]
[WhiteElo "2313"]
[BlackElo "1900"]
[Opening "Queen's pawn: London system"]
[ECO "A45"]
[Time "12:30:33"]
[PlyCount "63"]
[TimeControl "2700+45"]

1. d4 Nf6 2. Bf4 c5 3. e3 Nd5 4. Bg3 Qb6 5. Nc3 Nxc3 6. bxc3 d6 7. Nf3 Qa5 8.
Qd2 g6 9. h4 Bg4 10. Rb1 b6 11. Bc4 Bxf3 12. gxf3 Nd7 13. h5 Bg7 14. Qd3 cxd4
15. exd4 Rc8 16. Rb5 Qa4 17. Bb3 Qa3 18. Kf1 a6 19. Rb4 a5 20. Rb5 a4 21. Bc4
Nf6 22. hxg6 hxg6 23. Rxh8+ Bxh8 24. Rxb6 d5 25. Ba6 Rd8 26. Bc7 Ra8 27. Bb7 Ra7
28. Qd2 Kf8 29. Kg2 Kg8 30. Rb5 Qxa2 31. Bb8 Qc4 32. Qd3 {Black resigns} 1-0

[Event "Team 45 45 League T91"]
[Site "Internet Chess Club"]
[Date "2022.02.12"]
[Round "5"]
[White "Sloggi"]
[Black "achessman"]
[Result "0-1"]
[WhiteElo "1908"]
[BlackElo "1847"]
[Opening "Levitsky attack (Queen's bishop attack)"]
[ECO "D00"]
[Time "09:16:11"]
[PlyCount "72"]
[TimeControl "2700+45"]

1. d4 d5 2. Bg5 f6 3. Bh4 Nh6 4. f3 Nc6 5. e4 e6 6. c3 Bd6 7. Bb5 O-O 8. Ne2 Kh8
9. O-O dxe4 10. fxe4 e5 11. d5 Ne7 12. Na3 Bxa3 13. bxa3 Qd6 14. Kh1 Qxa3 15.
Qd2 Ng6 16. Bf2 Rd8 17. Qc2 a6 18. Bd3 Bd7 19. Rab1 Ba4 20. Qc1 Qxc1 21. Rfxc1
b6 22. c4 Be8 23. c5 bxc5 24. Bxc5 c6 25. Bc4 cxd5 26. Bxd5 Rab8 27. h3 Bf7 28.
Bxf7 Nxf7 29. a4 Ng5 30. Ng3 h6 31. Be3 Nf4 32. Bxf4 exf4 33. Nh5 f3 34. gxf3
Nxf3 35. Rxb8 Rxb8 36. Rc7 Rb2 {White resigns} 0-1

[Event "Team 45 45 League T91"]
[Site "Internet Chess Club"]
[Date "2022.02.11"]
[Round "5"]
[White "primerpaso"]
[Black "cadmiumorange"]
[Result "1-0"]
[WhiteElo "1879"]
[BlackElo "1797"]
[Opening "English opening"]
[ECO "A10"]
[Time "14:01:04"]
[PlyCount "49"]
[TimeControl "2700+45"]

1. c4 g6 2. Nc3 Bg7 3. g3 e5 4. Bg2 d6 5. e3 Ne7 6. Nge2 O-O 7. O-O c6 8. d4 f5
9. dxe5 dxe5 10. b3 Qc7 11. Ba3 Rd8 12. Qc2 Be6 13. Rfd1 Na6 14. Rac1 Rxd1+ 15.
Rxd1 Rd8 16. e4 Kf7 17. Bh3 Rxd1+ 18. Qxd1 Qd7 19. exf5 Qxd1+ 20. Nxd1 gxf5 21.
Ne3 c5 22. Bg2 b6 23. Nc3 Nc7 24. Ne2 Nc6 25. Bxc6 {Black resigns} 1-0

[Event "Team 45 45 League T91"]
[Site "Internet Chess Club"]
[Date "2022.02.12"]
[Round "5"]
[White "HomerSimpson"]
[Black "jonesey"]
[Result "1/2-1/2"]
[WhiteElo "2008"]
[BlackElo "1882"]
[Opening "Pirc defense"]
[ECO "B07"]
[Time "20:12:49"]
[PlyCount "41"]
[TimeControl "2700+45"]

1. d4 d6 2. e4 Nf6 3. Nc3 Nbd7 4. Be3 e5 5. d5 Be7 6. h4 c6 7. h5 Qa5 8. f3 cxd5
9. exd5 Nb6 10. Bb5+ Bd7 11. Bxd7+ Nfxd7 12. a3 Na4 13. b4 Nxc3 14. bxa5 Nxd1
15. Rxd1 O-O 16. Rb1 b6 17. h6 g6 18. Ne2 Rfc8 19. Kd2 Bd8 20. Nc3 Kf8 21. axb6
{Game drawn by mutual agreement} 1/2-1/2

[Event "Team 45 45 League T91"]
[Site "Internet Chess Club"]
[Date "2022.02.11"]
[Round "5"]
[White "BRJAK0530"]
[Black "laurenpar"]
[Result "1-0"]
[WhiteElo "1853"]
[BlackElo "1934"]
[Opening "French: Schlechter variation"]
[ECO "C01"]
[Time "21:05:51"]
[PlyCount "93"]
[TimeControl "2700+45"]

1. e4 e6 2. d4 d5 3. Bd3 dxe4 4. Bxe4 Nf6 5. Bf3 c5 6. Ne2 cxd4 7. Qxd4 Nbd7 8.
O-O Qc7 9. Nbc3 a6 10. Bg5 Ne5 11. Bxf6 gxf6 12. Ne4 Be7 13. Bh5 Rg8 14. Rfd1
Bd7 15. f4 f5 16. Qxe5 Qxe5 17. fxe5 fxe4 18. Bxf7+ Kxf7 19. Rxd7 Rad8 20. Rf1+
Ke8 21. Rxb7 Rg7 22. Kh1 Rd2 23. Nf4 Rf7 24. g3 e3 25. Re1 Rxf4 26. Rxe7+ Kxe7
27. gxf4 e2 28. Kg2 Rxc2 29. Kf3 Rxb2 30. Rxe2 Rb4 31. Rc2 Kf7 32. Rc7+ Kg6 33.
Re7 Rb6 34. h4 Rc6 35. h5+ Kxh5 36. Rxh7+ Kg6 37. Re7 Kf5 38. Rf7+ Kg6 39. Rf6+
Kg7 40. Kg4 a5 41. a4 Rb6 42. Kg5 Rb4 43. Rxe6 Rxa4 44. Re7+ Kf8 45. Ra7 Ra1 46.
Kf6 Ke8 47. e6 {Black resigns} 1-0

[Event "Team 45 45 League T91"]
[Site "Internet Chess Club"]
[Date "2022.02.11"]
[Round "5"]
[White "fishhead"]
[Black "mmesser"]
[Result "1-0"]
[WhiteElo "1746"]
[BlackElo "1699"]
[Opening "French: Steinitz variation"]
[ECO "C11"]
[Time "16:00:37"]
[PlyCount "57"]
[TimeControl "2700+45"]

1. e4 e6 2. d4 d5 3. Nc3 Nf6 4. e5 Nfd7 5. Nce2 c5 6. c3 Nc6 7. Nf3 Be7 8. Nf4
Qb6 9. Be2 O-O 10. O-O Nd8 11. b3 f6 12. Re1 fxe5 13. dxe5 Qc7 14. c4 d4 15. Bd3
b6 16. Qc2 h6 17. Bh7+ Kh8 18. Be4 Nxe5 19. Bxa8 Nxf3+ 20. Bxf3 Rxf4 21. Bxf4
Qxf4 22. Qe4 Qg5 23. Qe5 Qd2 24. Re2 Qc3 25. Rd1 Bf6 26. Qc7 Ba6 27. Be4 b5 28.
Qd7 bxc4 29. Qe8# {Black checkmated} 1-0

[Event "Team 45 45 League T91"]
[Site "Internet Chess Club"]
[Date "2022.02.12"]
[Round "5"]
[White "pmarcal"]
[Black "QuieroAprender"]
[Result "0-1"]
[WhiteElo "1686"]
[BlackElo "1621"]
[Opening "Hungarian defense"]
[ECO "C50"]
[Time "12:11:14"]
[PlyCount "116"]
[TimeControl "2700+45"]

1. e4 e5 2. Nf3 Nc6 3. Bc4 Be7 4. d3 Nf6 5. O-O O-O 6. Re1 d5 7. exd5 Nxd5 8.
Nxe5 Nxe5 9. Rxe5 c6 10. Bxd5 cxd5 11. Qf3 Be6 12. Nc3 Bd6 13. Re2 Qh4 14. g3
Qh3 15. Qg2 Qh5 16. f3 Bh3 17. Qf2 Rae8 18. Be3 Rxe3 19. Rxe3 d4 20. Re4 dxc3
21. bxc3 Be6 22. g4 Qa5 23. Kg2 Qxc3 24. Rae1 Rc8 25. Qxa7 Qxc2+ 26. R1e2 Qxd3
27. Qxb7 Rb8 28. Qa7 h5 29. gxh5 Bd5 30. Re8+ Rxe8 31. Rxe8+ Kh7 32. Qf2 Qf5 33.
a4 Qxh5 34. h4 Bc5 35. Qc2+ g6 36. Qd3 Be6 37. Qe4 Bd5 38. Qd3 Be6 39. Qe4 Qh6
40. Rxe6 fxe6 41. Qxe6 Qd2+ 42. Kh3 Bd6 43. Qf7+ Kh6 44. f4 Qe3+ 45. Kg4 Qe2+
46. Kg3 Qe1+ 47. Kf3 Qd1+ 48. Kg2 Qg4+ 49. Kf2 Qxh4+ 50. Kf3 Qh1+ 51. Ke3 Qe1+
52. Kf3 Qc3+ 53. Kg4 Qc8+ 54. Kf3 Qa8+ 55. Kg4 Qg2+ 56. Kh4 g5+ 57. fxg5+ Qxg5+
58. Kh3 Qg3# {White checkmated} 0-1

[Event "Team 45 45 League T91"]
[Site "Internet Chess Club"]
[Date "2022.02.12"]
[Round "5"]
[White "zugknightly"]
[Black "janh"]
[Result "1/2-1/2"]
[WhiteElo "1942"]
[BlackElo "1934"]
[Opening "English: Neo-Catalan declined"]
[ECO "A14"]
[Time "19:06:51"]
[PlyCount "72"]
[TimeControl "2700+45"]

1. c4 e6 2. g3 d5 3. Bg2 Nf6 4. Nf3 Be7 5. O-O O-O 6. Qc2 b6 7. cxd5 exd5 8. d4
Bb7 9. Nc3 Nbd7 10. Ne5 c5 11. Nxd7 Qxd7 12. dxc5 bxc5 13. Bg5 Rfd8 14. Rfd1 Qe6
15. e3 Rac8 16. Qe2 h6 17. Bxf6 Bxf6 18. Qf1 Ba6 19. Qe1 d4 20. exd4 cxd4 21.
Qxe6 fxe6 22. Ne4 Rc2 23. Rd2 Rxd2 24. Nxd2 d3 25. Bh3 Bxb2 26. Bxe6+ Kf8 27.
Rd1 Rd4 28. Nb3 Rd6 29. Nc5 Bb5 30. Bf5 d2 31. Ne4 Ra6 32. Rxd2 Rxa2 33. Kg2 Bc4
34. Nd6 Bc3 35. Rxa2 Bxa2 36. Nb5 Ba5 {Game drawn by mutual agreement} 1/2-1/2

[Event "Team 45 45 League T91"]
[Site "Internet Chess Club"]
[Date "2022.02.13"]
[Round "5"]
[White "BuddyT"]
[Black "kasraei"]
[Result "1-0"]
[WhiteElo "1573"]
[BlackElo "1793"]
[Opening "Caro-Kann: two knights variation"]
[ECO "B11"]
[Time "11:02:06"]
[PlyCount "97"]
[TimeControl "2700+45"]

1. e4 c6 2. Nc3 d5 3. Nf3 d4 4. Ne2 c5 5. b4 Bg4 6. Ne5 Nf6 7. f3 Bd7 8. c3 Qc7
9. cxd4 cxd4 10. Nxd7 Nbxd7 11. Nxd4 e5 12. Nb5 Qb6 13. a3 a6 14. Nc3 Be7 15.
Bc4 O-O 16. Qb3 Kh8 17. Bxf7 Qd4 18. Rb1 b5 19. Bb2 Qd3 20. Ba1 Rac8 21. Be6 Rc7
22. Na2 Qd6 23. O-O Rfc8 24. Rfd1 Rc2 25. d4 Qb6 26. Kh1 R8c6 27. d5 Qf2 28. Bh3
R6c4 29. Rb2 Nh5 30. Rxc2 Rxc2 31. d6 Bf8 32. Qe6 Nf4 33. Qxd7 Rxa2 34. Bxe5
Nxh3 35. Bxg7+ Kg8 36. Qxh3 Bxd6 37. Qg4 Kf7 38. Qd7+ Be7 39. Qg4 Rd2 40. Rg1
Re2 41. Bc3 h6 42. Qf5+ Ke8 43. Qg6+ Kd8 44. Rd1+ Kc8 45. Qc6+ Kb8 46. Be5+ Bd6
47. Bxd6+ Ka7 48. Qc7+ Ka8 49. Qb8# {Black checkmated} 1-0

[Event "Team 45 45 League T91"]
[Site "Internet Chess Club"]
[Date "2022.02.12"]
[Round "5"]
[White "Demachaeron"]
[Black "LookImYourVader"]
[Result "0-1"]
[WhiteElo "1644"]
[BlackElo "1738"]
[Opening "Scandinavian defense"]
[ECO "B01"]
[Time "15:05:34"]
[PlyCount "50"]
[TimeControl "2700+45"]

1. e4 d5 2. exd5 Nf6 3. Nc3 Nxd5 4. Nxd5 Qxd5 5. Nf3 Bg4 6. Be2 e5 7. d3 Nc6 8.
O-O O-O-O 9. Re1 e4 10. Ng5 Bxe2 11. Qxe2 exd3 12. cxd3 Be7 13. Rd1 h6 14. Ne4
f5 15. Nc3 Qd7 16. Be3 g5 17. f3 Rde8 18. Qd2 Bf6 19. Rac1 Rxe3 20. Nb5 Bd4 21.
Kh1 Rd8 22. Rc4 Bb6 23. d4 Re5 24. a4 Rd5 25. a5 Bxa5 {White resigns} 0-1

[Event "Team 45 45 League T91"]
[Site "Internet Chess Club"]
[Date "2022.02.15"]
[Round "5"]
[White "Portola"]
[Black "elmaestro"]
[Result "0-1"]
[WhiteElo "1712"]
[BlackElo "1666"]
[Opening "Queen's pawn game, Darooha variation "]
[ECO "D02"]
[Time "16:33:56"]
[PlyCount "132"]
[TimeControl "2700+45"]

1. d4 d5 2. Nf3 Nf6 3. c3 g6 4. Bg5 Bg7 5. Nbd2 Nbd7 6. e3 c5 7. Bd3 c4 8. Bc2
b5 9. e4 dxe4 10. Nxe4 Nxe4 11. Bxe4 Rb8 12. Bf4 Rb6 13. O-O Bb7 14. Bxb7 Rxb7
15. Qe2 O-O 16. a4 a6 17. axb5 axb5 18. Ra2 e6 19. Rfa1 Nb6 20. Ra7 Qd7 21. R7a2
Rc8 22. Ng5 Qd5 23. Ne4 e5 24. dxe5 Bxe5 25. Rd1 Qe6 26. Nd6 Bxd6 27. Qxe6 fxe6
28. Rxd6 Kf7 29. Be5 Na4 30. Rd2 Nc5 31. f3 Nd3 32. Bd4 Rbb8 33. Ra7+ Kg8 34.
Rg7+ Kf8 35. Rxh7 Ra8 36. h3 e5 37. Be3 Kg8 38. Rb7 Rcb8 39. Rxb8+ Rxb8 40. Rc2
Ra8 41. Kf1 Ra1+ 42. Ke2 Rb1 43. Bb6 Nxb2 44. Ba5 Nd3 45. Kd2 Rg1 46. Ke3 Kf7
47. Re2 Ke6 48. Kd2 Nf4 49. Rf2 Nxh3 50. gxh3 Rh1 51. Rg2 Kf5 52. Ke3 Ra1 53.
Bd8 Re1+ 54. Kd2 Rh1 55. h4 Kf4 56. Rxg6 Kxf3 57. Rf6+ Ke4 58. Rf2 Rh3 59. Re2+
Kf5 60. Bc7 e4 61. Bd8 Rd3+ 62. Kc2 Rxd8 63. Kb2 Rh8 64. Ka3 Kf4 65. Kb4 Rh5 66.
Rd2 Kf3 {White resigns} 0-1

[Event "Team 45 45 League T91"]
[Site "Internet Chess Club"]
[Date "2022.02.12"]
[Round "5"]
[White "Gojira"]
[Black "ivanson"]
[Result "1/2-1/2"]
[WhiteElo "1544"]
[BlackElo "1595"]
[Opening "Queen's pawn game"]
[ECO "D00"]
[Time "16:30:58"]
[PlyCount "47"]
[TimeControl "2700+45"]

1. d4 Nf6 2. Nc3 d5 3. Bf4 c5 4. e3 cxd4 5. exd4 a6 6. Nf3 Bg4 7. h3 Bxf3 8.
Qxf3 Nc6 9. O-O-O e6 10. g4 Bb4 11. g5 Ng8 12. Nb1 Nge7 13. c3 Bd6 14. Bd3 Rc8
15. Bc2 Ng6 16. Bxd6 Qxd6 17. h4 b5 18. h5 Nge7 19. g6 f5 20. h6 gxh6 21. Rxh6
Nxg6 22. Rg1 Qf8 23. Qh5 Kd7 24. Rxh7+ {Game drawn by mutual agreement} 1/2-1/2

[Event "Team 45 45 League T91"]
[Site "Internet Chess Club"]
[Date "2022.02.11"]
[Round "5"]
[White "rubo"]
[Black "AlWynJones"]
[Result "0-1"]
[WhiteElo "1486"]
[BlackElo "1336"]
[Opening "Queen's pawn: London system"]
[ECO "A45"]
[Time "16:30:29"]
[PlyCount "90"]
[TimeControl "2700+45"]

1. d4 Nf6 2. Bf4 c6 3. e3 g5 4. Bg3 Ne4 5. Bd3 Nxg3 6. hxg3 h6 7. Nf3 d6 8. Nxg5
Qa5+ 9. Nd2 Qxg5 10. Rh5 Bg4 11. Rxg5 Bxd1 12. Ra5 Bg4 13. c4 Na6 14. a3 c5 15.
Be4 O-O-O 16. f3 cxd4 17. fxg4 dxe3 18. Nb3 Bg7 19. Rb1 Be5 20. Ke2 Kb8 21. Kxe3
Nc5 22. Rb5 Nxe4 23. Kxe4 Rhg8 24. Kf3 Rc8 25. Nd2 f5 26. gxf5 Rxg3+ 27. Kf2
Rcg8 28. Nf3 Rxg2+ 29. Kf1 Bd4 30. Nxd4 Rg1+ 31. Kf2 Rxb1 32. Nc6+ Kc7 33. Nxe7
Rf8 34. Nd5+ Kd8 35. f6 b6 36. Ke3 h5 37. Kf4 h4 38. Kg4 Rh1 39. Rb3 h3 40. Rf3
h2 41. Rh3 Rg1+ 42. Kf5 h1=Q 43. Rxh1 Rxh1 44. Ke6 Rd1 45. Kxd6 Rxd5+ {White
resigns} 0-1

[Event "Team 45 45 League T91"]
[Site "Internet Chess Club"]
[Date "2022.02.13"]
[Round "5"]
[White "Fulmar"]
[Black "g8wrb"]
[Result "0-1"]
[WhiteElo "1270"]
[BlackElo "1325"]
[Opening "Queen's pawn: Yusupov-Rubinstein system"]
[ECO "A40"]
[Time "12:01:14"]
[PlyCount "58"]
[TimeControl "2700+45"]

1. d4 e6 2. Nf3 Nf6 3. e3 b6 4. Bd3 Bb7 5. Nbd2 c5 6. b3 Nc6 7. a3 Bd6 8. Bb2
cxd4 9. exd4 Qc7 10. Qe2 Nd5 11. g3 O-O 12. c4 Nf6 13. d5 exd5 14. O-O dxc4 15.
bxc4 Rfe8 16. Qd1 Ne5 17. Be2 Nxf3+ 18. Nxf3 Re6 19. Ng5 Re7 20. Bxf6 gxf6 21.
Nxh7 Kxh7 22. Bd3+ Be4 23. Qh5+ Kg7 24. Qg4+ Bg6 25. Rfe1 Rae8 26. Re6 Rxe6 27.
h4 Qc5 28. h5 Qxh5 29. Kg2 Qxg4 {White resigns} 0-1

[Event "Team 45 45 League T91"]
[Site "Internet Chess Club"]
[Date "2022.02.11"]
[Round "5"]
[White "ghowell"]
[Black "Kingofknights"]
[Result "1-0"]
[WhiteElo "1517"]
[BlackElo "1578"]
[Opening "Caro-Kann: Steinitz variation"]
[ECO "B17"]
[Time "11:30:25"]
[PlyCount "67"]
[TimeControl "2700+45"]

1. e4 c6 2. d4 d5 3. Nc3 dxe4 4. Nxe4 Nd7 5. Nf3 Ngf6 6. Bd3 Nxe4 7. Bxe4 Nf6 8.
Qd3 Nxe4 9. Qxe4 Qa5+ 10. Bd2 Bf5 11. Qxc6+ bxc6 12. Bxa5 Bxc2 13. O-O Be4 14.
Nd2 Bd5 15. Bb4 g6 16. Bc5 Bg7 17. Rfe1 e6 18. b3 Kd7 19. Nc4 f6 20. Ne3 a6 21.
Nxd5 cxd5 22. Re3 e5 23. Rae1 e4 24. b4 Kc6 25. a4 f5 26. Rc3 Kb7 27. a5 Bh6 28.
Rb1 Rab8 29. b5 Bd2 30. Rcb3 Bxa5 31. bxa6+ Ka8 32. Rb7 Rxb7 33. Rxb7 Rb8 34.
Ra7# {Black checkmated} 1-0